[Event "ICC tourney 3005 (40 10)"]
[Site "Internet Chess Club"]
[Date "2022.09.10"]
[Round "4"]
[White "MALAKAR, SAARTHAK:iamvoltu"]
[Black "S.M, UMER:uncrackable"]
[Result "1-0"]
[ICCResult "Black resigns"]
[WhiteElo "1693"]
[BlackElo "1815"]
[Opening "King's Indian: fianchetto, Kavalek (Bronstein) variation"]
[ECO "A49"]
[NIC "KI.74"]
[Time "17:46:29"]
[PlyCount "95"]
[TimeControl "2400+10"]

1. d4 Nf6 2. Nf3 g6 3. g3 Bg7 4. Bg2 O-O 5. c4 d6 6. O-O c6 7. Nc3 Qa5 8. e4
Qh5 9. e5 dxe5 10. Nxe5 Qxd1 11. Rxd1 Nfd7 12. Nf3 Nb6 13. b3 Na6 14. Bf4
Rd8 15. Rac1 Bg4 16. Ne2 Rd7 17. h3 Bxf3 18. Bxf3 Rad8 19. Be3 e5 20. d5
cxd5 21. Bxb6 axb6 22. Rxd5 Rxd5 23. Bxd5 Nb4 24. Nc3 Rd7 25. Rd1 Bf8 26.
Rd2 Bc5 27. a3 Nc6 28. b4 Bd4 29. Nb5 Kg7 30. Kg2 f5 31. Kf1 Kf6 32. Ke2 g5
33. h4 gxh4 34. gxh4 Kg6 35. h5+ Kxh5 36. Be6 Re7 37. Bxf5 Rf7 38. Be4 Rxf2+
39. Kd3 Rxd2+ 40. Kxd2 h6 41. Bxc6 bxc6 42. Nxd4 exd4 43. b5 cxb5 44. cxb5
Kg4 45. a4 h5 46. a5 bxa5 47. b6 h4 48. b7 {Black resigns} 1-0

[Event "ICC tourney 3005 (40 10)"]
[Site "Internet Chess Club"]
[Date "2022.09.10"]
[Round "4"]
[White "Bharathy Mohan, Aarav Sai:aaravbm"]
[Black "Sarafudinov, Andrey:whyyoutrysohard"]
[Result "0-1"]
[ICCResult "White checkmated"]
[WhiteElo "1159"]
[BlackElo "1558"]
[Opening "Sicilian defense"]
[ECO "B20"]
[NIC "SI.48"]
[Time "17:46:16"]
[PlyCount "98"]
[TimeControl "2400+10"]

1. e4 c5 2. c4 Nc6 3. Nc3 Nf6 4. d3 e6 5. g3 d5 6. cxd5 exd5 7. Bg2 dxe4 8.
Nxe4 Nxe4 9. Bxe4 Nd4 10. Ne2 Bg4 11. Qa4+ Bd7 12. Qd1 Bg4 13. Bxb7 Bxe2 14.
Qa4+ Ke7 15. Qc4 Rb8 16. Qxc5+ Ke6 17. Qc4+ Kf6 18. h4 Qb6 19. Bg5+ Kg6 20.
Be4+ f5 21. Be3 Bb4+ 22. Bd2 Bxd2+ 23. Kxd2 fxe4 24. Ke3 Bh5 25. Qxd4 Qxd4+
26. Kxd4 exd3 27. Kxd3 Rxb2 28. Rhf1 Rd8+ 29. Kc3 Rdd2 30. Rfe1 Rbc2+ 31.
Kb3 Bf3 32. h5+ Kxh5 33. Re5+ g5 34. Re7 Rxf2 35. Rxh7+ Kg4 36. Re1 Rxa2 37.
Rc1 Kxg3 38. Rc5 g4 39. Rc1 a5 40. Rg1+ Rg2 41. Rgh1 a4+ 42. Kc3 a3 43.
R1h3+ gxh3 44. Rg7+ Kh2 45. Rxg2+ hxg2 46. Kb3 Rf2 47. Kxa3 g1=Q 48. Ka4 Rb2
49. Ka3 Qa1# {White checkmated} 0-1

[Event "ICC tourney 3005 (40 10)"]
[Site "Internet Chess Club"]
[Date "2022.09.10"]
[Round "4"]
[White "Hernandez-Visbal, Arthur:thechessgod22"]
[Black "Mehta, Aarav Amit:amitmehta22"]
[Result "1-0"]
[ICCResult "Black checkmated"]
[WhiteElo "1649"]
[BlackElo "1292"]
[Opening "Queen's pawn: London system"]
[ECO "A45"]
[NIC "QP.07"]
[Time "17:46:12"]
[PlyCount "103"]
[TimeControl "2400+10"]

1. d4 Nf6 2. Bf4 d6 3. e3 g6 4. c4 Bg7 5. Nc3 Nbd7 6. Be2 O-O 7. h4 h5 8. f3
e5 9. Bg5 exd4 10. exd4 Qe8 11. Nb5 Qd8 12. g4 a6 13. Nc3 Qe8 14. gxh5 Nxh5
15. Nd5 f6 16. Nxc7 Qe7 17. Nxa8 fxg5 18. Qc2 Qe3 19. Qd2 Bxd4 20. Qxe3 Bxe3
21. hxg5 Ne5 22. Nc7 Ng3 23. Nd5 Bd4 24. Rd1 Ba7 25. Ne7+ Kg7 26. Nxc8 Nxh1
27. Nxa7 Ra8 28. Rxd6 Rxa7 29. c5 Ng3 30. Re6 Nf7 31. Bd3 Nh8 32. Ne2 Nh5
33. Re7+ Kf8 34. Re6 Kf7 35. Rb6 a5 36. Be4 Ra6 37. Rxa6 bxa6 38. c6 Ke7 39.
Nd4 Kd6 40. Kd2 Nf4 41. Ke3 Ne6 42. Nxe6 Kxe6 43. Kd4 Kd6 44. f4 a4 45. f5
gxf5 46. Bxf5 Kxc6 47. g6 Nxg6 48. Bxg6 Kb5 49. Kc3 a3 50. bxa3 Ka4 51. Kb2
a5 52. Be8# {Black checkmated} 1-0

[Event "ICC tourney 3005 (40 10)"]
[Site "Internet Chess Club"]
[Date "2022.09.10"]
[Round "4"]
[White "SEBBA, AMITAI:Amitai"]
[Black "KURIAN ABHILASH, ALEN:K09-17188617"]
[Result "1/2-1/2"]
[ICCResult "Game drawn by mutual agreement"]
[WhiteElo "1573"]
[BlackElo "1167"]
[Opening "Sicilian: Smith-Morra gambit"]
[ECO "B21"]
[NIC "SI.47"]
[Time "17:46:26"]
[PlyCount "74"]
[TimeControl "2400+10"]

1. e4 c5 2. d4 cxd4 3. c3 Nf6 4. e5 Nd5 5. Nf3 Nc6 6. cxd4 d6 7. Bc4 Nb6 8.
Bb3 g6 9. O-O Bg7 10. Bf4 dxe5 11. dxe5 O-O 12. h3 Bf5 13. Nc3 Na5 14. Rc1
Rc8 15. Bc2 Qxd1 16. Rfxd1 Bxc2 17. Rxc2 Na4 18. Rdc1 Nxc3 19. Rxc3 Rxc3 20.
Rxc3 Nc6 21. Rd3 Rd8 22. Rxd8+ Nxd8 23. Nd4 f6 24. exf6 Bxf6 25. Be3 a6 26.
Kf1 Kf7 27. Ke2 e5 28. Nb3 e4 29. Bd4 Bxd4 30. Nxd4 Kf6 31. Ke3 Ke5 32. Ne2
Ne6 33. Nc3 Nf4 34. g3 Nd5+ 35. Nxd5 Kxd5 36. f3 exf3 37. Kxf3 Kd4
{Game drawn by mutual agreement}
1/2-1/2

[Event "ICC tourney 3005 (40 10)"]
[Site "Internet Chess Club"]
[Date "2022.09.10"]
[Round "4"]
[White "Doan Giang, Nguyen Doan:Doctorstrange04"]
[Black "OPASKA, MICHAEL:mopaska1106"]
[Result "0-1"]
[ICCResult "White resigns"]
[WhiteElo "1763"]
[BlackElo "1803"]
[Opening "Queen's pawn: Yusupov-Rubinstein system"]
[ECO "A46"]
[NIC "QP.06"]
[Time "17:46:13"]
[PlyCount "154"]
[TimeControl "2400+10"]

1. d4 Nf6 2. Nf3 e6 3. e3 b6 4. Bd3 Bb7 5. O-O Be7 6. b3 O-O 7. Bb2 Ne4 8.
Nbd2 f5 9. c4 d6 10. Qc2 Nxd2 11. Nxd2 Nd7 12. e4 g6 13. Rae1 Bf6 14. exf5
exf5 15. d5 a5 16. Nf3 Nc5 17. Nd4 Qc8 18. Ne6 Nxd3 19. Bxf6 Nxe1 20. Qc3
Nd3 21. Bd8 Ne5 22. Bxc7 Rf7 23. Bxd6 Bxd5 24. Ng5 Bxg2 25. Qxe5 Bxf1 26.
Nxf7 Kxf7 27. Qe7+ Kg8 28. Kxf1 Qe8 29. Qc7 Rc8 30. Qxb6 Qe4 31. Qe3 Qxe3
32. fxe3 Kf7 33. Ke2 Ke6 34. c5 Kd5 35. Kd3 g5 36. a3 h5 37. b4 axb4 38.
axb4 Ra8 39. b5 Ra3+ 40. Ke2 Rb3 41. b6 g4 42. Kf2 h4 43. Be7 Rb2+ 44. Kg1
h3 45. Bf8 Kc6 46. Bd6 Rg2+ 47. Kf1 Rc2 48. Kg1 Rb2 49. Kf1 g3 50. Bxg3 Kxc5
51. Bc7 Kd5 52. Ke1 Ke4 53. Bf4 Rxb6 54. Kf2 Rg6 55. Bg3 Rg8 56. Bf4 Rg2+
57. Kf1 Kf3 58. Ke1 Rg1+ 59. Kd2 Kg2 60. Ke2 Rf1 61. Bg3 Ra1 62. Kd3 Ra4 63.
Ke2 Ra2+ 64. Kd3 Kf3 65. Bf4 Ra4 66. Bd6 Re4 67. Bc5 Re6 68. Ba7 Rd6+ 69.
Kc4 Ke4 70. Bd4 Rc6+ 71. Kb3 Rc1 72. Ba7 Re1 73. Kc3 Rxe3+ 74. Kd2 Ra3 75.
Bb8 f4 76. Ke2 Ra2+ 77. Ke1 Rxh2 {White resigns} 0-1

[Event "ICC tourney 3005 (40 10)"]
[Site "Internet Chess Club"]
[Date "2022.09.10"]
[Round "4"]
[White "SRIPADA, ANISHA:waterycargo"]
[Black "Dixon, Javier:JavierDix"]
[Result "0-1"]
[ICCResult "White checkmated"]
[WhiteElo "1207"]
[BlackElo "1377"]
[Opening "Modern defense"]
[ECO "A40"]
[NIC "QO.17"]
[Time "17:46:28"]
[PlyCount "106"]
[TimeControl "2400+10"]

1. d4 g6 2. Bf4 Bg7 3. e3 c5 4. Nf3 cxd4 5. exd4 Nf6 6. c3 O-O 7. Be2 d6 8.
O-O Nbd7 9. Nbd2 Nh5 10. Bg5 f6 11. Bh4 Nf4 12. Bc4+ d5 13. Bb3 e6 14. Bg3
Nh5 15. Bd6 Re8 16. Re1 Nb6 17. Bb4 Bh6 18. Bc2 a5 19. Bc5 Nd7 20. Ba3 b5
21. Nh4 Ng7 22. Nxg6 hxg6 23. Bxg6 Rb8 24. Bxe8 Qxe8 25. Bd6 Rb6 26. Bg3 Nf5
27. Qg4+ Kf8 28. Nf3 Nxg3 29. hxg3 f5 30. Qh4 Qg6 31. Qd8+ Qe8 32. Qh4 Bg7
33. Ng5 Nf6 34. Nh7+ Nxh7 35. Qxh7 Qf7 36. Qh4 Bf6 37. Qh6+ Ke7 38. Qf4 Bd7
39. Qc7 Rc6 40. Qxa5 Rc8 41. Qb4+ Ke8 42. Qd6 Be7 43. Qf4 Qh5 44. Qf3 Qh6
45. Re2 Kf7 46. Ree1 Rh8 47. Kf1 b4 48. Ke2 bxc3 49. bxc3 Bb5+ 50. Kd1 Ba4+
51. Ke2 Rb8 52. Rh1 Rb2+ 53. Ke1 Qxh1# {White checkmated} 0-1

[Event "ICC tourney 3005 (40 10)"]
[Site "Internet Chess Club"]
[Date "2022.09.10"]
[Round "4"]
[White "WU, DARREN:chessboy111"]
[Black "Kolli, Anushka:Eagle2020"]
[Result "0-1"]
[ICCResult "White resigns"]
[WhiteElo "1318"]
[BlackElo "1478"]
[Opening "French: exchange variation"]
[ECO "C01"]
[NIC "FR.01"]
[Time "17:46:20"]
[PlyCount "60"]
[TimeControl "2400+10"]

1. e4 e6 2. d4 d5 3. exd5 exd5 4. Bd3 Nf6 5. Nf3 Bd6 6. O-O O-O 7. Re1 b6 8.
c3 c5 9. Nbd2 Nc6 10. Bc2 Ba6 11. Nb3 Qc7 12. h3 Rfe8 13. Bg5 Ne4 14. Bxe4
dxe4 15. Nfd2 Bd3 16. d5 Na5 17. Nxa5 bxa5 18. Nb3 Re5 19. Bf4 Rxd5 20. Bxd6
Qxd6 21. Qg4 Re8 22. Rad1 a4 23. Nc1 c4 24. Nxd3 Rxd3 25. Qe2 Qe5 26. Rxd3
cxd3 27. Qd2 Qd6 28. Rc1 f5 29. g3 e3 30. fxe3 Qxg3+ {White resigns} 0-1

[Event "ICC tourney 3005 (40 10)"]
[Site "Internet Chess Club"]
[Date "2022.09.10"]
[Round "4"]
[White "Boyle, Brendan:bfboyle98"]
[Black "SPENCER, PAUL:iceberge"]
[Result "1-0"]
[ICCResult "Black forfeits on time"]
[WhiteElo "1366"]
[BlackElo "972"]
[Opening "Sicilian: Smith-Morra gambit"]
[ECO "B21"]
[NIC "SI.48"]
[Time "17:46:14"]
[PlyCount "65"]
[TimeControl "2400+10"]

1. e4 c5 2. d4 cxd4 3. c3 dxc3 4. Nxc3 Nc6 5. Nf3 d6 6. Bc4 Nf6 7. e5 Ng4 8.
Bxf7+ Kxf7 9. Ng5+ Ke8 10. e6 Nge5 11. O-O h6 12. Nge4 Bxe6 13. Bf4 Qb6 14.
Be3 Qc7 15. Nb5 Qd7 16. b3 Bf5 17. Nbc3 Bxe4 18. Nxe4 e6 19. Qe2 d5 20. Rfd1
Qf7 21. Nc3 Rd8 22. Nb5 a6 23. Nd4 Nxd4 24. Bxd4 Nc6 25. Bb6 Rc8 26. Rxd5
Be7 27. Rd3 Bf6 28. Re1 Ne5 29. Re3 Rc6 30. Bd4 Ng6 31. Bxf6 Qxf6 32. Qg4
Ke7 33. Qb4+ {Black forfeits on time} 1-0

[Event "ICC tourney 3005 (40 10)"]
[Site "Internet Chess Club"]
[Date "2022.09.10"]
[Round "4"]
[White "BRUDNO, STEPHEN:StevChess01"]
[Black "Anthony, Joseph:ajk170378"]
[Result "1/2-1/2"]
[ICCResult "Game drawn by repetition"]
[WhiteElo "1529"]
[BlackElo "1783"]
[Opening "King's Indian: Sämisch, orthodox variation"]
[ECO "E85"]
[NIC "KI.43"]
[Time "17:46:22"]
[PlyCount "95"]
[TimeControl "2400+10"]

1. d4 Nf6 2. c4 g6 3. f3 Bg7 4. e4 d6 5. Nc3 O-O 6. Be3 e5 7. Nge2 Nbd7 8.
d5 Ne8 9. Qd2 f5 10. O-O-O f4 11. Bf2 Qe7 12. Kb1 Ndf6 13. Nc1 g5 14. h3 Kh8
15. Nd3 c5 16. b4 cxb4 17. Nxb4 Bd7 18. Bd3 Nc7 19. Ka1 Rfc8 20. Rb1 a6 21.
Rhc1 Qe8 22. Rb2 b5 23. cxb5 axb5 24. Rbc2 h5 25. Kb1 g4 26. hxg4 hxg4 27.
Ne2 g3 28. Bb6 Na6 29. Rxc8 Bxc8 30. Nxa6 Bxa6 31. Qb4 Bf8 32. Bg1 Nd7 33.
Rc6 Qb8 34. Nc1 Bb7 35. Rc2 Ba6 36. Be2 Nc5 37. Nb3 Nxb3 38. Qxb3 b4 39.
Bxa6 Rxa6 40. Rc4 Qa8 41. Rxb4 Ra3 42. Qb2 Qa6 43. Rb5 Rd3 44. Kc2 Ra3 45.
Kb1 Rd3 46. Kc2 Ra3 47. Kb1 Rd3 48. Kc2 {Game drawn by repetition} 1/2-1/2

[Event "ICC tourney 3005 (40 10)"]
[Site "Internet Chess Club"]
[Date "2022.09.10"]
[Round "5"]
[White "Dixon, Javier:JavierDix"]
[Black "KURIAN ABHILASH, ALEN:K09-17188617"]
[Result "1-0"]
[ICCResult "Black resigns"]
[WhiteElo "1377"]
[BlackElo "1167"]
[Opening "Queen's pawn game"]
[ECO "D02"]
[NIC "QP.08"]
[Time "20:00:36"]
[PlyCount "25"]
[TimeControl "2400+10"]

1. d4 d5 2. Nf3 e6 3. Bf4 Nf6 4. e3 b6 5. Ne5 Bb7 6. Nd2 Bd6 7. Ndf3 Nh5 8.
Ng5 Nxf4 9. Ngxf7 Nxg2+ 10. Bxg2 Qe7 11. Nxh8 Qf8 12. Nhf7 Be7 13. Qg4
{Black resigns}
1-0

[Event "ICC tourney 3005 (40 10)"]
[Site "Internet Chess Club"]
[Date "2022.09.10"]
[Round "5"]
[White "SUN, YIMENG:K09-16513258"]
[Black "MOSS, MARVIN:mmoss2932"]
[Result "0-1"]
[ICCResult "White resigns"]
[WhiteElo "1083"]
[BlackElo "1460"]
[Opening "Sicilian: Alapin's variation (2.c3)"]
[ECO "B22"]
[NIC "SI.47"]
[Time "20:00:37"]
[PlyCount "52"]
[TimeControl "2400+10"]

1. e4 c5 2. c3 Nf6 3. e5 Nd5 4. d4 cxd4 5. Nf3 e6 6. cxd4 Nc6 7. Nc3 Nxc3 8.
bxc3 d6 9. Bb5 Bd7 10. exd6 Bxd6 11. d5 exd5 12. Qxd5 Qe7+ 13. Kd1 O-O 14.
Re1 Be6 15. Qe4 Qc7 16. Bxc6 Qxc6 17. Qxc6 bxc6 18. Nd4 Bd5 19. Kc2 Rfe8 20.
Bd2 Be4+ 21. Kb3 Bxg2 22. Nf5 Bd5+ 23. Ka4 Bc5 24. Ne3 Be4 25. Re2 Rab8 26.
Rae1 Bd3 {White resigns} 0-1

[Event "ICC tourney 3005 (40 10)"]
[Site "Internet Chess Club"]
[Date "2022.09.10"]
[Round "5"]
[White "Sarafudinov, Andrey:whyyoutrysohard"]
[Black "WU, DARREN:chessboy111"]
[Result "1-0"]
[ICCResult "Black resigns"]
[WhiteElo "1558"]
[BlackElo "1318"]
[Opening "English: symmetrical, Benoni formation"]
[ECO "A31"]
[NIC "EO.45"]
[Time "20:00:30"]
[PlyCount "43"]
[TimeControl "2400+10"]

1. d4 Nf6 2. c4 c5 3. Nf3 e6 4. g3 cxd4 5. Nxd4 Be7 6. Bg2 O-O 7. O-O Nc6 8.
e4 Qb6 9. Nb5 Bc5 10. N1c3 Qd8 11. Nd6 Ne8 12. Bf4 Nxd6 13. Bxd6 Bxd6 14.
Qxd6 Qe7 15. Nb5 Qxd6 16. Nxd6 b6 17. Rfd1 Ne5 18. f4 Ng4 19. Bf3 Ne3 20.
Rd2 f5 21. Re1 Nxc4 22. Nxc4 {Black resigns} 1-0

[Event "ICC tourney 3005 (40 10)"]
[Site "Internet Chess Club"]
[Date "2022.09.10"]
[Round "5"]
[White "OPASKA, MICHAEL:mopaska1106"]
[Black "MALAKAR, SAARTHAK:iamvoltu"]
[Result "0-1"]
[ICCResult "White resigns"]
[WhiteElo "1803"]
[BlackElo "1693"]
[Opening "QGD Slav defense"]
[ECO "D10"]
[NIC "SL.01"]
[Time "20:00:30"]
[PlyCount "80"]
[TimeControl "2400+10"]

1. d4 c6 2. c4 d5 3. Nc3 Nf6 4. e3 Bf5 5. Nf3 e6 6. Qb3 Qc7 7. Be2 Be7 8.
O-O Nbd7 9. Bd2 O-O 10. Rac1 dxc4 11. Qxc4 Nb6 12. Qb3 Nfd5 13. Rfe1 Rad8
14. Bf1 Nxc3 15. Bxc3 Be4 16. Nd2 Bd5 17. Qc2 f5 18. a4 Rf6 19. a5 Nc8 20.
a6 bxa6 21. Qa4 Bd6 22. g3 Rg6 23. f4 h5 24. Nc4 h4 25. Kf2 hxg3+ 26. hxg3
Rh6 27. Ke2 Nb6 28. Nxb6 Qxb6 29. b4 Rb8 30. Kd1 Bxb4 31. Bxb4 Qxb4 32. Qxb4
Rxb4 33. Bxa6 Rh2 34. Rg1 Rbb2 35. Ke1 Ra2 36. Bd3 Rhd2 37. Bf1 a5 38. g4 a4
39. gxf5 exf5 40. Rb1 Rab2 {White resigns} 0-1

[Event "ICC tourney 3005 (40 10)"]
[Site "Internet Chess Club"]
[Date "2022.09.10"]
[Round "5"]
[White "SRIPADA, ANISHA:waterycargo"]
[Black "ZHAO, DANSON:K01-30127679"]
[Result "1-0"]
[ICCResult "Black checkmated"]
[WhiteElo "1207"]
[BlackElo "1233"]
[Opening "Queen's pawn, Mason variation"]
[ECO "D00"]
[NIC "QP.08"]
[Time "20:00:37"]
[PlyCount "153"]
[TimeControl "2400+10"]

1. d4 d5 2. Bf4 Nf6 3. e3 e6 4. Nf3 Nc6 5. c4 Be7 6. Nc3 a6 7. h3 O-O 8.
cxd5 exd5 9. Be2 Be6 10. O-O h6 11. Ne5 Nxe5 12. Bxe5 Re8 13. Qc2 Bd6 14.
Bxd6 Qxd6 15. Rac1 c6 16. Na4 Nd7 17. Nc5 Nxc5 18. Qxc5 Qd7 19. Qb4 Rab8 20.
Rc3 Bf5 21. Rfc1 Be6 22. Qb3 Rec8 23. Qd1 Bf5 24. Bg4 Bxg4 25. Qxg4 Qxg4 26.
hxg4 Kf8 27. Kf1 Ke7 28. Ke2 g5 29. Rh1 Rh8 30. Rh5 f6 31. Rc1 Kf7 32. Rch1
Kg7 33. a4 Rbc8 34. b4 Kg6 35. a5 Kg7 36. g3 Kf7 37. Rxh6 Rxh6 38. Rxh6 Kg7
39. Rh1 Re8 40. Kd3 Re4 41. f3 Re6 42. e4 Re7 43. Rc1 Kf7 44. Rc5 Rd7 45.
Ke3 Kg7 46. exd5 Rxd5 47. Ke4 Rd7 48. d5 cxd5+ 49. Rxd5 Rc7 50. Rc5 Rd7 51.
Kf5 Re7 52. f4 gxf4 53. gxf4 Kf7 54. Rd5 Kg7 55. Rd6 Rf7 56. Ke6 Kg6 57. Rd7
Rxd7 58. Kxd7 f5 59. g5 Kf7 60. Kc7 Ke6 61. Kxb7 Kd5 62. g6 Ke6 63. Kxa6 Kf6
64. b5 Kxg6 65. b6 Kh5 66. b7 Kg4 67. b8=Q Kf3 68. Kb5 Ke4 69. Kc4 Ke3 70.
Qe5+ Kf3 71. Kd3 Kg4 72. a6 Kf3 73. a7 Kg4 74. a8=Q Kg3 75. Qg8+ Kf2 76.
Qe3+ Kf1 77. Qgg1# {Black checkmated} 1-0

[Event "ICC tourney 3005 (40 10)"]
[Site "Internet Chess Club"]
[Date "2022.09.10"]
[Round "5"]
[White "KAUR, JIND:ranu540"]
[Black "Mehta, Aarav Amit:amitmehta22"]
[Result "1/2-1/2"]
[ICCResult "Game drawn by mutual agreement"]
[WhiteElo "1161"]
[BlackElo "1292"]
[Opening "Sicilian: Anderssen variation"]
[ECO "B41"]
[NIC "SI.41"]
[Time "20:00:15"]
[PlyCount "72"]
[TimeControl "2400+10"]

1. e4 c5 2. Nf3 e6 3. d4 cxd4 4. Nxd4 Nf6 5. Nc3 Nc6 6. Be3 Bb4 7. f3 d5 8.
Bb5 Bd7 9. Qd2 dxe4 10. Nxc6 Bxc6 11. Bxc6+ bxc6 12. Qxd8+ Rxd8 13. Bxa7
exf3 14. gxf3 Nd5 15. Bd4 f6 16. Kf2 e5 17. Nxd5 Rxd5 18. Be3 Kf7 19. c3 Bc5
20. Rhd1 Rhd8 21. Rxd5 Rxd5 22. Bxc5 Rxc5 23. Rd1 Ke6 24. Ke3 Rb5 25. b3 c5
26. c4 Ra5 27. Rd2 h5 28. f4 exf4+ 29. Kxf4 g5+ 30. Kf3 Ke5 31. Rd5+ Ke6 32.
Rd2 Ra8 33. Kg3 Ra5 34. Kf3 Ra8 35. Kg3 f5 36. h4 g4
{Game drawn by mutual agreement}
1/2-1/2

[Event "ICC tourney 3005 (40 10)"]
[Site "Internet Chess Club"]
[Date "2022.09.10"]
[Round "5"]
[White "ZHANG, ARI:brass60Six"]
[Black "Boyle, Brendan:bfboyle98"]
[Result "1-0"]
[ICCResult "Black resigns"]
[WhiteElo "1342"]
[BlackElo "1366"]
[Opening "QGD: Marshall defense"]
[ECO "A50"]
[NIC "QP.07"]
[Time "20:00:20"]
[PlyCount "63"]
[TimeControl "2400+10"]

1. d4 Nf6 2. c4 d5 3. cxd5 Qxd5 4. Nc3 Qh5 5. Nf3 Bg4 6. h3 Nc6 7. e3 Bxf3
8. Qxf3 Qxf3 9. gxf3 e6 10. a3 O-O-O 11. Bb5 Ne7 12. Bd2 c6 13. Be2 Ned5 14.
O-O-O Be7 15. e4 Nc7 16. Be3 a6 17. Rd2 h6 18. Rhd1 g5 19. f4 Nh7 20. Kb1
gxf4 21. Bxf4 Bg5 22. Bxg5 Nxg5 23. h4 Nh3 24. Bg4 Nf4 25. Be2 Rhg8 26. Bf3
Nb5 27. Nxb5 cxb5 28. Rc2+ Kd7 29. d5 e5 30. Rdc1 Rc8 31. Rxc8 Rxc8 32. Bg4+
{Black resigns}
1-0

[Event "ICC tourney 3005 (40 10)"]
[Site "Internet Chess Club"]
[Date "2022.09.10"]
[Round "5"]
[White "SEBBA, AMITAI:Amitai"]
[Black "YU, VINCENT ZHIWEN:vincentyu"]
[Result "1-0"]
[ICCResult "Black checkmated"]
[WhiteElo "1573"]
[BlackElo "965"]
[Opening "Sicilian: Smith-Morra gambit"]
[ECO "B21"]
[NIC "SI.48"]
[Time "20:00:15"]
[PlyCount "105"]
[TimeControl "2400+10"]

1. e4 c5 2. d4 cxd4 3. c3 dxc3 4. Nxc3 Nc6 5. Nf3 d6 6. Bc4 a6 7. O-O Nf6 8.
Qe2 Bg4 9. Be3 e6 10. Qd1 Be7 11. Be2 O-O 12. Nd4 Nxd4 13. Bxd4 Bxe2 14.
Qxe2 Qb8 15. Rfd1 b5 16. Rac1 e5 17. Be3 Qb7 18. Bg5 Rfd8 19. Bxf6 Bxf6 20.
Nd5 Bg5 21. Rc7 Qb8 22. Qh5 Bh6 23. Qxf7+ Kh8 24. Rd3 Rf8 25. Qe6 Rd8 26.
Rh3 Re8 27. Qg4 Rg8 28. Rxh6 gxh6 29. Qf5 Qxc7 30. Nxc7 Rac8 31. Qf6+ Rg7
32. g3 Rxc7 33. Qd8+ Rg8 34. Qxc7 Rg6 35. Qf7 a5 36. Qf8+ Rg8 37. Qf6+ Rg7
38. Qxd6 b4 39. Qxe5 a4 40. Qf6 b3 41. a3 Kg8 42. e5 Rf7 43. Qd8+ Kg7 44. e6
Rf8 45. e7 Rxd8 46. exd8=Q Kg6 47. g4 h5 48. g5 h6 49. Qf6+ Kh7 50. Qxh6+
Kg8 51. g6 h4 52. Qh7+ Kf8 53. Qf7# {Black checkmated} 1-0

[Event "ICC tourney 3005 (40 10)"]
[Site "Internet Chess Club"]
[Date "2022.09.10"]
[Round "5"]
[White "HOSUR, SANMITA:phosur"]
[Black "Bharathy Mohan, Aarav Sai:aaravbm"]
[Result "1-0"]
[ICCResult "Black checkmated"]
[WhiteElo "1266"]
[BlackElo "1159"]
[Opening "QGD Slav: 4.Nc3"]
[ECO "D15"]
[NIC "SL.03"]
[Time "20:00:15"]
[PlyCount "75"]
[TimeControl "2400+10"]

1. d4 d5 2. c4 c6 3. Nc3 Nf6 4. Nf3 Bf5 5. e3 e6 6. Bd3 Bg6 7. O-O Be7 8. b3
Nbd7 9. Bb2 Bh5 10. e4 dxe4 11. Nxe4 Bg6 12. Re1 Nxe4 13. Bxe4 Nf6 14. Bxg6
hxg6 15. Ne5 Qc7 16. Qf3 Bd6 17. Rad1 O-O-O 18. a3 Rh7 19. h3 Rf8 20. b4
Bxe5 21. Rxe5 Nd7 22. Re2 Nf6 23. b5 g5 24. d5 exd5 25. Bxf6 gxf6 26. Qf5+
Qd7 27. Qxh7 cxb5 28. Rxd5 Qc6 29. Qf5+ Kb8 30. Rxb5 Qxc4 31. Re7 Qc1+ 32.
Kh2 Qc6 33. Rbxb7+ Qxb7 34. Rxb7+ Kxb7 35. Qd5+ Kb6 36. Qd6+ Ka5 37. Qxf8
Ka4 38. Qb4# {Black checkmated} 1-0

[Event "ICC tourney 3005 (40 10)"]
[Site "Internet Chess Club"]
[Date "2022.09.10"]
[Round "5"]
[White "Anthony, Joseph:ajk170378"]
[Black "Kolli, Anushka:Eagle2020"]
[Result "1-0"]
[ICCResult "Black checkmated"]
[WhiteElo "1783"]
[BlackElo "1478"]
[Opening "Queen's bishop game"]
[ECO "D02"]
[NIC "QP.08"]
[Time "20:00:22"]
[PlyCount "127"]
[TimeControl "2400+10"]

1. d4 d5 2. Nf3 Nf6 3. Bf4 Bf5 4. e3 a6 5. c4 e6 6. Be2 c5 7. Qa4+ Nc6 8.
Ne5 Qb6 9. Nxc6 Qxc6 10. Qxc6+ bxc6 11. Nd2 Be7 12. O-O O-O 13. f3 Nh5 14.
Be5 f6 15. Bc7 Ra7 16. Ba5 Rd7 17. g4 dxc4 18. gxf5 exf5 19. Bxc4+ Kh8 20.
Bc3 f4 21. Nb3 fxe3 22. Nxc5 Bxc5 23. dxc5 Re8 24. Rad1 Rde7 25. Rfe1 Nf4
26. Rd4 Nh3+ 27. Kg2 Ng5 28. f4 Nf7 29. Bxf7 Rxf7 30. Rxe3 Rc8 31. Red3 Rff8
32. Ba5 h5 33. Rd8 Rcxd8 34. Rxd8 Rxd8 35. Bxd8 f5 36. Kg3 g6 37. Kh4 Kg7
38. Kg5 Kf7 39. Bf6 a5 40. a4 Ke6 41. Kxg6 Kd5 42. Be7 Kc4 43. Kxf5 Kb4 44.
Ke6 Kxa4 45. f5 Kb3 46. f6 a4 47. f7 Kxb2 48. f8=Q a3 49. Qb8+ Kc2 50. Bf6
a2 51. Kd7 h4 52. Qb2+ Kd3 53. Qxa2 h3 54. Kxc6 Ke3 55. Kb7 Ke4 56. c6 Kf5
57. c7 Kf4 58. c8=Q Kf3 59. Qxh3+ Ke4 60. Qa4+ Kd5 61. Qd3+ Kc5 62. Qc6+ Kb4
63. Qb1+ Ka3 64. Qa6# {Black checkmated} 1-0

[Event "ICC tourney 3005 (40 10)"]
[Site "Internet Chess Club"]
[Date "2022.09.10"]
[Round "5"]
[White "BRUDNO, STEPHEN:StevChess01"]
[Black "Hernandez-Visbal, Arthur:thechessgod22"]
[Result "0-1"]
[ICCResult "White resigns"]
[WhiteElo "1529"]
[BlackElo "1649"]
[Opening "Budapest: Rubinstein variation"]
[ECO "A52"]
[NIC "QG.01"]
[Time "20:00:24"]
[PlyCount "144"]
[TimeControl "2400+10"]

1. d4 Nf6 2. c4 e5 3. dxe5 Ng4 4. Bf4 Bb4+ 5. Nd2 Qe7 6. Nf3 Nc6 7. e3 Ngxe5
8. Nxe5 Nxe5 9. Be2 O-O 10. O-O d6 11. Nb3 Bf5 12. a3 Bc5 13. Nxc5 dxc5 14.
Qb3 b6 15. Qc3 Ng6 16. Bg3 Rad8 17. Rad1 Rxd1 18. Rxd1 Rd8 19. Rxd8+ Qxd8
20. h3 Qd7 21. Kf1 Be4 22. f3 Bb7 23. Qd3 Qe7 24. Kf2 a5 25. a4 f6 26. b3
Ne5 27. Bxe5 Qxe5 28. f4 Qd6 29. Qd1 Qxd1 30. Bxd1 Kf7 31. Bf3 Bc8 32. e4
Bd7 33. Ke3 c6 34. e5 fxe5 35. fxe5 Bf5 36. Be4 Ke6 37. Kf4 g5+ 38. Ke3 Kxe5
39. Bxc6 Bc2 40. g3 Bxb3 41. Bb5 Kf5 42. Kd3 Bd1 43. Bc6 h5 44. Kd2 Bb3 45.
Bd7+ Ke4 46. Kc3 Ba2 47. h4 gxh4 48. gxh4 Kf4 49. Be8 Kg4 50. Bg6 Kxh4 51.
Bd3 Kg3 52. Kb2 Bxc4 53. Bxc4 h4 54. Bd5 h3 55. Kc3 Kf2 56. Kc4 Kg1 57. Kb5
h2 58. Kxb6 c4 59. Kxa5 c3 60. Kb4 c2 61. a5 c1=Q 62. a6 h1=Q 63. Bxh1 Kxh1
64. Kb5 Qc8 65. Kb6 Qa8 66. a7 Kg2 67. Ka6 Kf3 68. Kb6 Ke4 69. Ka6 Kd5 70.
Kb6 Kd6 71. Ka6 Kc6 72. Ka5 Qxa7+ {White resigns} 0-1